 Dungeon Crawl Stone Soup version 0.27.1-33-g824d729ab1 (webtiles) character file.

Game seed: 7482850153687637849

93 jlumianski the Skirmisher (level 4, -8/29 HPs)
             Began as a Gargoyle Monk on Dec 13, 2021.
             Mangled by Sigmund (11 damage)
             ... on level 2 of the Dungeon.
             The game lasted 00:07:40 (1957 turns).

jlumianski the Skirmisher (Gargoyle Monk)           Turns: 1957, Time: 00:07:40

Health: -8/29      AC: 10    Str: 16    XL:     4   Next: 61%
Magic:  4/4        EV: 11    Int: 10    God:
Gold:   39         SH:  0    Dex: 12    Spells: 3/3 levels left

rFire    . . .     SeeInvis .   a - +0 hand axe
rCold    . . .     Faith    .   (no shield)
rNeg     + . .     Spirit   .   h - +1 ring mail
rPois    ∞         Reflect  .   j - +0 helmet
rElec    +         Harm     .   (no cloak)
rCorr    .         Rampage  .   (no gloves)
Will     .....                  (no boots)
Stlth    +.........             (no amulet)
HPRegen  0.09/turn              (no ring)
MPRegen  0.09/turn              (no ring)

@: attractive
A: sickness immunity, AC +3, negative energy resistance 1, electricity
resistance, torment resistance 1, petrification resistance
a: no special abilities


You were on level 2 of the Dungeon.
You visited 1 branch of the dungeon, and saw 3 of its levels.

You collected 39 gold pieces.

Inventory:

Hand Weapons
 a - a +0 hand axe (weapon)
 d - a +0 hand axe of holy wrath
Missiles
 c - 32 stones (quivered)
 i - 26 bolts
Armour
 b - a +0 robe
 g - a +0 leather armour
 h - a +1 ring mail (worn)
 j - a +0 helmet (worn)
Scrolls
 k - a scroll of identify
 l - a scroll of brand weapon


   Skills:
 + Level 3.9 Fighting
 + Level 3.5 Axes
 + Level 1.2 Armour
 + Level 3.0 Dodging
 + Level 2.2 Stealth


You had 3 spell levels left.
You didn't know any spells.
Your spell library was empty.

Dungeon Overview and Level Annotations

Branches:
Dungeon (3/15)

Altars:
Lugonu

Shops:
D:1 :

Annotations:
D:2 Sigmund
D:3 2 runed translucent doors, Ijyb


Innate Abilities, Weirdness & Mutations

You are immune to sickness and miasma.
Your stone body is resilient. (AC +3)
You are immune to poison.
You resist negative energy. (rN+)
You are resistant to electric shocks. (rElec)
You are resistant to unholy torment.
You are immune to petrification.


Message History

You closely miss something. Something hits you but does no damage.
It was a potion of attraction.
You feel attractive to monsters.
You feel less confused.
It was a potion of curing.
You feel better. Something hits you but does no damage. Something hits you.
Something is pulled toward you! Something is pulled toward you!
Something hits you. Something is pulled toward you!
Something hits you but does no damage. Something is pulled toward you!
Something is pulled toward you! Something hits you.
Something is pulled toward you! Something hits you.
Something is pulled toward you!
You see here 2 stones.
Something is pulled toward you!
You hear some strange, mumbled words.
A puff of flame appears from out of thin air!
The puff of flame hits you. Something is pulled toward you!
Something hits you but does no damage. Something is pulled toward you!
You hear some strange, mumbled words.
Something tries to affect you, but you resist.
Something is pulled toward you! Something hits you but does no damage.
Something is pulled toward you! Something is pulled toward you!
You hear some strange, mumbled words.
Something tries to affect you, but you resist.
Something is pulled toward you!
You hear some strange, mumbled words.
A puff of flame appears from out of thin air!
The puff of flame hits you.
* * * LOW HITPOINT WARNING * * *
Something is pulled toward you!
As you read the scroll labelled VAEVOL ZIOWUUKK, it crumbles to dust.
It is a scroll of identify.
l - a scroll of brand weapon Something hits you.
* * * LOW HITPOINT WARNING * * *
Something hits you but does no damage. Something is pulled toward you!
Something is pulled toward you! Something hits you!
You die...

..##.......# ...........#
......(....# ......
..##.......####### .....#.#
.##.#.(..(..)....#
....#.#.####.#.#....######.#
....##.#....#.##.{..# #.#
...#.##......##.#...# ##.##
..#.#..........#@#..#
#...#####
..##............##..#
#.#......
.#................#.#
#...####.
....................# #####
#.
##.#########.######.######
#. ##.# #.# ......## #. ...#
#.########..# .# #. #.##
#..........###.######. ..# .
##########..#..##.....


There were no monsters in sight!

Vanquished Creatures
  Robin (D:3)
  2 adders (D:2)
  2 dart slugs
  5 ball pythons
  3 endoplasms
  A giant cockroach (D:1)
  13 goblins
  7 hobgoblins
  4 jackals (D:1)
  3 quokkas
  5 bats
  2 frilled lizards
  2 kobolds (D:2)
  2 rats (D:1)
52 creatures vanquished.

Notes
Turn   | Place    | Note
-------+----------+-------------------------------------------
     0 | D:1      | jlumianski the Gargoyle Monk began the quest for the Orb.
     0 | D:1      | Reached XP level 1. HP: 14/14 MP: 1/1
   418 | D:1      | Reached XP level 2. HP: 16/19 MP: 2/2
   759 | D:1      | Found Wyddipud's Book Emporium.
  1119 | D:1      | Found a faded altar of an unknown god.
  1247 | D:1      | Reached XP level 3. HP: 24/24 MP: 3/3
  1298 | D:2      | Noticed Sigmund
  1417 | D:3      | Noticed Robin
  1563 | D:3      | Killed Robin
  1564 | D:3      | Reached XP level 4. HP: 26/29 MP: 4/4
  1578 | D:3      | Found a large runed translucent door.
  1595 | D:3      | Found a large runed translucent door.
  1595 | D:3      | Noticed Ijyb
  1598 | D:3      | Found a corrupted altar of Lugonu.
  1707 | D:2      | Reached skill level 1 in Armour
  1957 | D:2      | Mangled by Sigmund

Illustrated notes

Levels and vault maps discovered:
D:1:      minmay_arrival_arboretum_large, layout_rooms,
          dreamdust_ecumenical_altar_angels_and_demons, serial_shops,
          nicolae_diamond_shop, grunt_decor_resistance,
          chequers_serial_rivers_room_b
D:2:      layout_loops_ring, minmay_misc_feat_secret_circle, uniq_sigmund
D:3:      due_chaos_kobolds, layout_loops_ring, serial_shops,
          nicolae_square_shop, chequers_serial_rivers_room_b,
          kennysheep_decorative_pillar, uniq_jessica, uniq_robin, uniq_ijyb

Skill      XL: |  1  2  3  4 |
---------------+-------------+-----
Axes           | 3 |  3.5
Dodging        | 3 |  3.0
Armour         | 1 |  1.2
Fighting       | |  3.9
Stealth        | |  2.2

Action                   |  1- 3 |  4- 6 || total
-------------------------+-------+-------++-------
Melee: Hand axe          |   122 |    47 ||   169
Throw: Stone             |       |     8 ||     8
  Use: Potion            |     2 |     2 ||     4
       Scroll            |     2 |     1 ||     3
 Stab: Sleeping          |     1 |       ||     1
Armor: Robe              |    13 |       ||    13
       Leather armour    |    12 |       ||    12
       Ring mail         |    36 |    40 ||    76
Dodge: Dodged            |   118 |    41 ||   159
